 Dungeon Crawl Stone Soup version 0.21.1-1-g345015f (webtiles) character file.

154 Mesmaeker13 the Twirler (level 5, -2/46 HPs)
             Began as a Draconian Gladiator on Apr 25, 2018.
             Killed by divine providence
             ... invoked by an orc priest
              (14 damage)
             ... on level 3 of the Dungeon.
             The game lasted 00:04:18 (2320 turns).

Mesmaeker13 the Twirler (Draconian Gladiator)       Turns: 2320, Time: 00:04:19

Health: -2/46      AC:  6    Str: 16    XL:     5   Next: 13%
Magic:  5/5        EV: 19    Int: 10    God:
Gold:   114        SH:  0    Dex: 12    Spells: 4/4 levels left

rFire    . . .     SeeInvis .   l - +2 whip (vamp)
rCold    . . .     Gourm    .   (no shield)
rNeg     . . .     Faith    .   (armour unavailable)
rPois    .         Spirit   .   b - +1 hat
rElec    .         Reflect  .   (no cloak)
rCorr    .         Harm     .   (no gloves)
MR       .....                  (no boots)
Stlth    +.........             (no amulet)
HPRegen  0.15/turn              m - +6 ring of evasion
MPRegen  0.09/turn              (no ring)

@: no status effects
A: unfitting armour, cold-blooded, AC +5
a: no special abilities


You were on level 3 of the Dungeon.
You were not hungry.

You visited 1 branch of the dungeon, and saw 3 of its levels.

You collected 114 gold pieces.

Inventory:

Hand Weapons
 a - a +0 quarterstaff
 l - a +2 vampiric whip (weapon)
Missiles
 c - 3 throwing nets (quivered)
Armour
 b - a +1 hat (worn)
Jewellery
 m - a +6 ring of evasion (left hand)
Scrolls
 g - 3 scrolls of teleportation
 i - a scroll of remove curse
Potions
 e - a potion of heal wounds {unknown}
 j - a potion of mutation {unknown}
 n - a potion of agility {unknown}
 o - a potion of resistance {unknown}
Comestibles
 d - a ration
 f - 3 chunks of flesh


   Skills:
 + Level 3.8 Fighting
 + Level 0.8(2.6) Maces & Flails
 - Level 3.9(4.0) Staves
 - Level 1.7 Throwing
 + Level 3.7 Dodging


You had 4 spell levels left.
You didn't know any spells.

Dungeon Overview and Level Annotations

Branches:
Dungeon (3/15)

Altars:


Innate Abilities, Weirdness & Mutations

Your plain brown scales are hard. (AC +5)
You cannot fit into any form of body armour.
You are cold-blooded and may be slowed by cold attacks.


Message History

The orc priest is lightly wounded.
The orc priest misses you.
You hit the orc priest but do no damage.
Your tail-slap misses the orc priest.
The orc priest is lightly wounded.
It was a potion of curing.
You feel better. The orc priest closely misses you.
You closely miss the orc priest.
Your tail-slap misses the orc priest.
The orc priest is lightly wounded.
The orc priest calls down the wrath of Beogh upon you.
Pain shoots through your body!
* * * LOW HITPOINT WARNING * * *
You hit the orc priest.
You feel better.
The orc priest is moderately wounded.
The orc priest hits you but does no damage.
The leopard gecko barely misses you.
You barely miss the orc priest.
The orc priest is moderately wounded.
The orc priest calls down the wrath of Beogh upon you.
Beogh smites you!
You die...

.................#
#..#............#
#.#............#
#................ ###
##............### ..#
##...........#
#.###.#.)........#
#.#l##...........#
##########@###.#########.#
..........o.##.#
##..........##.#
##########(##..
#######†####
#######o.oo...#
.......o####### #.####..#
#.o#


You could see an orc priest and a leopard gecko.

Vanquished Creatures
  An orc priest (D:3)
  An orc wizard (D:3)
  3 adders
  An ooze (D:1)
  2 dart slugs (D:1)
  A leopard gecko (D:2)
  7 orcs (D:3)
  4 giant cockroaches
  4 goblins
  5 hobgoblins
  4 jackals (D:1)
  3 ball pythons
  5 bats
  7 frilled lizards
  6 kobolds
  3 rats
57 creatures vanquished.

Notes
Turn   | Place    | Note
-------+----------+-------------------------------------------
     0 | D:1      | Mesmaeker13 the Draconian Gladiator began the quest for the Orb.
     0 | D:1      | Reached XP level 1. HP: 17/17 MP: 1/1
   559 | D:1      | Reached XP level 2. HP: 24/25 MP: 2/2
   909 | D:1      | Reached XP level 3. HP: 27/30 MP: 3/3
  1176 | D:2      | Found a faded altar of an unknown god.
  1683 | D:2      | Reached XP level 4. HP: 38/38 MP: 4/4
  2313 | D:3      | Reached XP level 5. HP: 21/46 MP: 5/5
  2320 | D:3      | Killed from afar by an orc priest

Skill      XL: |  1  2  3 |
---------------+----------+-----
Dodging        | 3 |  3.7
Fighting       | 3 |  3.8
Maces & Flails | |  0.8
Staves         | |  3.9
Throwing       | |  1.7

Action                   |  1- 3 |  4- 6 || total
-------------------------+-------+-------++-------
Melee: Quarterstaff      |   117 |    22 ||   139
       Tailslap          |     8 |     9 ||    17
       Whip              |       |    47 ||    47
  Use: Scroll            |     2 |     2 ||     4
       Potion            |       |     1 ||     1
 Stab: Sleeping          |       |     1 ||     1
  Eat: Chunk             |     3 |     1 ||     4
       Ration            |       |     2 ||     2
Armor: Skin              |    22 |     6 ||    28
Dodge: Dodged            |    80 |    51 ||   131
